 Dungeon Crawl Stone Soup version 0.19.5 (webtiles) character file.

7044 Inarius the Cleaver (level 10, 0/86 HPs)
             Began as a Minotaur Fighter on Apr 9, 2017.
             Was a Believer of the Shining One.
             Slain by Snorg (17 damage)
             ... on level 10 of the Dungeon.
             The game lasted 00:53:39 (9790 turns).

Inarius the Cleaver (Minotaur Fighter)              Turns: 9790, Time: 00:53:40

Health: 0/86       AC: 12    Str: 28    XL:     10   Next: 83%
Magic:  9/9        EV: 12    Int:  5    God:    the Shining One [**....]
Gold:   604        SH:  3    Dex: 13    Spells: 2 memorised, 0 levels left

rFire  + . .     SeeInvis +     Z - +5 halberd "Tialan" {freeze, +Inv SInv}
rCold  + . .     Gourm    .     c - +1 scale mail "Otobloe" {Dex+2 Slay+3}
rNeg   + . .     Faith    .     (shield currently unavailable)
rPois  .         Spirit   .     (helmet restricted)
rElec  .         Reflect  +     (no cloak)
rCorr  .         Harm     .     H - +0 pair of gloves
MR     .....                    (no boots)
Stlth  ..........               w - +3 amulet of reflection
                                I - ring of protection from fire
                                l - ring of protection from cold

@: mighty, glowing
A: retaliatory headbutt, horns 2, molten scales 1
a: Divine Shield, Renounce Religion, Evoke Invisibility


You were on level 10 of the Dungeon.
You worshipped the Shining One.
The Shining One was pleased with you.
You were not hungry.

You visited 1 branch of the dungeon, and saw 10 of its levels.

You collected 734 gold pieces.
You spent 130 gold pieces at shops.

Inventory:

Hand Weapons
 a - a +0 war axe
 Z - the +5 halberd "Tialan" (weapon) {freeze, +Inv SInv}
   (You found it on level 9 of the Dungeon)

   It has been specially enchanted to freeze those struck by it, causing extra
   injury to most foes and up to half again as much damage against particularly
   susceptible opponents.
   It can also slow down cold-blooded creatures.
   It lets you see invisible.
   It lets you turn invisible.
Missiles
 t - 8 javelins
 J - 12 tomahawks (quivered)
Armour
 c - the +1 scale mail "Otobloe" (worn) {Dex+2 Slay+3}
   (You found it on level 10 of the Dungeon)

   It affects your dexterity (+2).
   It affects your accuracy and damage with ranged weapons and melee attacks
   (+3).
 u - a +0 large shield
 H - a +0 pair of gloves (worn)
 W - a +0 plate armour
Jewellery
 l - a ring of protection from cold (left hand)
 w - a +3 amulet of reflection (around neck)
 I - a ring of protection from fire (right hand)
 V - an uncursed ring of stealth
 Y - an uncursed amulet of regeneration
Wands
 b - a wand of iceblast (11/15)
 g - a wand of lightning (13/15)
 j - a wand of lightning (7/15)
 G - a wand of flame (18/48)
 Q - a wand of slowing (7/48)
 R - a wand of flame (12/48)
Scrolls
 h - 3 scrolls of blinking
 o - 2 scrolls of teleportation
 p - a scroll of noise {unknown}
 q - 4 scrolls of identify
 r - 2 scrolls of immolation {unknown}
 y - 3 scrolls of remove curse
 z - a scroll of enchant armour {unknown}
 A - a scroll of random uselessness {unknown}
 B - a scroll of fear {unknown}
 C - a scroll of recharging {unknown}
 K - a scroll of fog {unknown}
 O - a scroll of magic mapping {unknown}
Potions
 e - 2 potions of cure mutation
 m - 5 potions of curing {unknown}
 v - 2 potions of cancellation {unknown}
 x - a potion of agility {unknown}
 D - a potion of mutation {unknown}
 F - 2 potions of degeneration {unknown}
 N - a potion of flight
 P - a potion of haste {unknown}
 S - a potion of lignification {unknown}
 T - a potion of magic {unknown}
 U - a potion of brilliance {unknown}
Books
 i - a book of Misfortune

   Spells                             Type                      Level
   a - Confusing Touch                Hexes                        1
   b - Confuse                        Hexes                        3
   c - Gell's Gravitas                Hexes/Translocation          3
   d - Petrify                        Transmutation/Earth          4
   e - Metabolic Englaciation         Hexes/Ice                    5
   f - Yara's Violent Unravelling     Hexes/Transmutation          5
Comestibles
 f - 7 bread rations
 k - 8 fruits
 n - 4 meat rations
 s - a beef jerky


   Skills:
 + Level 7.2 Fighting
 + Level 10.5(10.9) Axes
 + Level 4.6(8.2) Polearms
   Level 1.2(5.0) Slings
 + Level 7.2 Throwing
 + Level 8.9 Armour
 + Level 3.6 Dodging
 + Level 1.4 Stealth
 + Level 8.8 Shields


You couldn't memorise any spells.
You knew the following spells:

 Your Spells              Type           Power        Failure   Level  Hunger
a - Conjure Flame         Conj/Fire      #.......     100%        3    ####...
b - Freezing Cloud        Conj/Ice/Air   #.........   100%        6    #######


Dungeon Overview and Level Annotations

Branches:
Dungeon (10/15)            Temple (0/1) D:7
   Lair: D:8-11         Orc: D:9-12

Altars:
Fedhas
The Shining One

Shops:
D:7 !

Annotations:
D:10 Snorg


Innate Abilities, Weirdness & Mutations

You reflexively headbutt those who attack you in melee.
You have a pair of horns on your head.
You are partially covered in molten scales. (AC +2)


Message History

You completely miss Snorg.
Snorg is heavily wounded.
Snorg goes berserk!
You slash Snorg! You freeze Snorg. You headbutt Snorg!
Snorg is severely wounded.
Snorg bites you. Snorg claws you! Snorg misses you.
You barely miss Snorg. You headbutt Snorg.
Snorg is severely wounded.
Snorg barely misses you. You block Snorg's attack. Snorg closely misses you.
Snorg bites you! Snorg claws you. Snorg claws you!
* * * LOW HITPOINT WARNING * * *
You slice Snorg!! You freeze Snorg. You headbutt Snorg.
Snorg is almost dead.
Snorg closely misses you. You block Snorg's attack. Snorg closely misses you.
Snorg bites you.
* * * LOW HITPOINT WARNING * * *
Snorg claws you but does no damage. Snorg misses you.
You feel very mighty all of a sudden. Snorg bites you!
You die...

...%.# #....#
#..).######
#.(.......+
#..(......#
#..(......#
#..T......#
#.(@......#
#####....##+###
#....(...#
#........#
#...)....#
#........#
#....(...#
#...(....#
#........#


You could see Snorg (berserk).

Vanquished Creatures
  The ghost of theAP the Basher, a novice FoFi of Nemelex Xobeh (D:8)
  An unseen horror (D:10)
  Psyche (D:8)
  Joseph (D:7)
  A troll (D:9)
  A two-headed ogre (D:5)
  Prince Ribbit (D:7)
  A hippogriff (D:7)
  2 vampire mosquitoes (D:10)
  2 water moccasins
  5 orc warriors
  An ice beast (D:9)
  A phantom (D:7)
  2 sky beasts
  A black bear (D:7)
  7 ogres
  A centaur (D:7)
  A big kobold (D:10)
  4 bullfrogs
  6 scorpions
  4 killer bees (D:7)
  A howler monkey (D:7)
  An electric eel (D:10)
  2 crimson imps
  3 bullfrog zombies
  A centaur zombie (D:7)
  6 hounds
  2 jellies
  6 orc priests
  A quasit (D:7)
  9 orc wizards
  2 iguanas
  8 worker ants
  A hound skeleton (D:7)
  A howler monkey zombie (D:5)
  A worker ant zombie (D:8)
  A howler monkey skeleton (D:4)
  13 adders
  A shadow imp (D:7)
  2 oozes
  An adder zombie (D:8)
  2 worms
  11 leopard geckos
  38 orcs
  8 giant cockroaches
  7 goblins
  8 hobgoblins
  7 jackals
  5 quokkas
  A ball python zombie (D:5)
  7 bats
  7 frilled lizards
  A giant cockroach zombie (D:5)
  11 kobolds
  A quokka skeleton (D:5)
  A quokka zombie (D:8)
  3 rats
226 creatures vanquished.

Vanquished Creatures (others)
  2 centaurs
2 creatures vanquished.

Grand Total: 228 creatures vanquished

Notes
Turn   | Place    | Note
-------+----------+-------------------------------------------
     0 | D:1      | Inarius the Minotaur Fighter began the quest for the Orb.
     0 | D:1      | Reached XP level 1. HP: 19/19 MP: 0/0
   277 | D:1      | Reached XP level 2. HP: 24/27 MP: 1/1
   757 | D:2      | Reached XP level 3. HP: 33/33 MP: 2/2
   936 | D:2      | Reached skill level 3 in Axes
  1150 | D:2      | Reached XP level 4. HP: 26/40 MP: 3/3
  1208 | D:2      | Reached skill level 1 in Dodging
  1800 | D:2      | Found a faded altar of an unknown god.
  2250 | D:3      | Reached skill level 1 in Slings
  2578 | D:3      | Reached XP level 5. HP: 46/46 MP: 4/4
  2656 | D:4      | Reached skill level 1 in Throwing
  2733 | D:4      | Reached skill level 4 in Axes
  2916 | D:4      | Reached XP level 6. HP: 35/52 MP: 5/5
  2986 | D:4      | Reached skill level 5 in Shields
  3438 | D:5      | Entered Level 5 of the Dungeon
  3449 | D:5      | Reached skill level 5 in Axes
  3449 | D:5      | Reached XP level 7. HP: 41/60 MP: 6/6
  3504 | D:5      | Reached skill level 5 in Armour
  3746 | D:5      | Noticed a two-headed ogre
  3752 | D:5      | Killed a two-headed ogre
  3752 | D:5      | Reached skill level 5 in Fighting
  3752 | D:5      | Reached skill level 6 in Axes
  3918 | D:5      | Reached XP level 8. HP: 68/68 MP: 7/7
  3982 | D:5      | Found a glowing golden altar of the Shining One.
  3995 | D:5      | Became a worshipper of the Shining One
  4118 | D:5      | Gained mutation: You are partially covered in molten scales. (AC +2) [mutagenic meat]
  4456 | D:6      | Found a blossoming altar of Fedhas.
  4476 | D:6      | Reached skill level 7 in Axes
  5170 | D:6      | Reached XP level 9. HP: 62/75 MP: 8/8
  5268 | D:6      | Reached skill level 8 in Axes
  5284 | D:7      | Found Perisusch's Distillery.
  5326 | D:7      | Reached skill level 1 in Stealth
  5331 | D:7      | Noticed Prince Ribbit
  5341 | D:7      | Killed Prince Ribbit
  5341 | D:7      | Reached skill level 5 in Throwing
  5549 | D:7      | Reached * piety under the Shining One
  5669 | D:7      | Reached skill level 9 in Axes
  5825 | D:7      | Bought a potion of heal wounds for 50 gold pieces
  5825 | D:7      | Bought a potion of berserk rage for 50 gold pieces
  5825 | D:7      | Bought a potion of flight for 30 gold pieces
  6044 | D:7      | Noticed Joseph
  6055 | D:7      | Killed Joseph
  6097 | D:7      | Found a staircase to the Ecumenical Temple.
  6402 | D:8      | Noticed Psyche
  6409 | D:8      | Killed Psyche
  6409 | D:8      | Reached XP level 10. HP: 84/84 MP: 9/9
  6561 | D:8      | Reached skill level 10 in Axes
  6721 | D:8      | Noticed theAP's ghost (novice FoFi)
  7326 | D:9      | Got a sapphire halberd
  7439 | D:9      | Identified the +5 halberd "Tialan" {freeze, +Inv SInv} (You found it on level 9 of the Dungeon)
  8499 | D:8      | Killed theAP's ghost
  8718 | D:8      | Reached ** piety under the Shining One
  8759 | D:10     | Entered Level 10 of the Dungeon
  8787 | D:10     | Noticed an unseen horror
  8804 | D:10     | Killed an unseen horror
  9333 | D:10     | Got a translucent scale mail
  9347 | D:10     | Identified the +1 scale mail "Otobloe" {Dex+2 Slay+3} (You found it on level 10 of the Dungeon)
  9520 | D:10     | Learned a level 3 spell: Conjure Flame
  9528 | D:10     | Learned a level 6 spell: Freezing Cloud
  9715 | D:10     | Noticed Snorg
  9790 | D:10     | Slain by Snorg

Skill      XL: |  1  2  3  4  5  6  7  8  9 10 |
---------------+-------------------------------+-----
Armour         | 4 5 6 7 8 |  8.9
Shields        | 4 5 6 7 8 |  8.8
Axes           | 3 4 5 6 7 9 10 | 10.5
Fighting       | 4 5 6 7 |  7.2
Dodging        | 1 2 3 |  3.6
Slings         | 1 |  1.2
Throwing       | 2 3 4 6 7 |  7.2
Stealth        | 1 |  1.4
Polearms       | 4 |  4.6

Action                   |  1- 3 |  4- 6 |  7- 9 | 10-12 || total
-------------------------+-------+-------+-------+-------++-------
Melee: War axe           |    85 |   129 |   166 |    58 ||   438
       Headbutt          |    11 |    21 |    43 |    32 ||   107
       Halberd           |       |       |       |    85 ||    85
 Fire: Hunting sling     |     7 |     2 |       |       ||     9
Throw: Stone             |     5 |     2 |    26 |       ||    33
       Tomahawk          |       |    78 |   102 |    46 ||   226
  Use: Scroll            |     1 |     2 |     2 |     2 ||     7
       Potion            |       |       |     1 |     4 ||     5
  Eat: Chunk             |     1 |     7 |     7 |     4 ||    19
       Bread ration      |       |       |     1 |       ||     1
       Fruit             |       |       |       |     4 ||     4
       Royal jelly       |       |       |       |     1 ||     1
       Pizza             |       |       |       |     1 ||     1
Armor: Scale mail        |    30 |    55 |    39 |    29 ||   153
       Ring mail         |    20 |     2 |       |       ||    22
       Plate armour      |       |       |       |    43 ||    43
Dodge: Dodged            |    36 |    38 |    52 |    66 ||   192
Block: Shield            |    50 |    69 |   111 |    50 ||   280
       Reflection        |       |       |    10 |     3 ||    13
       Other             |       |       |       |    14 ||    14
